 Dungeon Crawl Stone Soup version 0.28-a0-1510-gd0f6b136d3 (webtiles) character file.

Game seed: 10490613196945667873

2067 parzival7114810 the Cleaver (level 9, -2/78 HPs)
             Began as a Hill Orc Fighter on Jan 14, 2022.
             Was an Initiate of Beogh.
             Slain by a yak (13 damage)
             ... on level 6 of the Dungeon.
             The game lasted 00:17:13 (10082 turns).

parzival7114810 the Cleaver (Hill Orc Fighter)     Turns: 10082, Time: 00:17:13

Health: -2/78      AC: 13    Str: 23    XL:     9   Next: 26%
Magic:  18/18      EV: 15    Int:  8    God:    Beogh [......]
Gold:   1902       SH:  4    Dex: 10    Spells: 8/8 levels left

rFire   + . .      SeeInvis +   a - +0 war axe
rCold   . . .      Faith    .   c - +0 buckler
rNeg    . . .      Spirit   .   g - +2 ring mail {rF+}
rPois   .          Reflect  .   l - +2 helmet {SInv}
rElec   .          Harm     .   (no cloak)
rCorr   .          Rampage  .   k - +1 pair of gloves
Will    .....                   (no boots)
Stlth   +.........              j - amulet of magic regeneration
HPRegen 0.23/turn               e - ring of magical power
MPRegen 0.56/turn               h - +4 ring of evasion

@: no status effects
A: no striking features
a: Renounce Religion


You were on level 6 of the Dungeon.
You worshipped Beogh.
Beogh was noncommittal.
You visited 1 branch of the dungeon, and saw 6 of its levels.

You collected 1902 gold pieces.

Inventory:

Hand Weapons
 a - a +0 war axe (weapon)
Armour
 b - a +0 scale mail
 c - a +0 buckler (worn)
 g - a +2 ring mail of fire resistance (worn)
 k - a +1 pair of gloves (worn)
 l - a +2 helmet of see invisible (worn)
Jewellery
 e - a ring of magical power (left hand)
 h - a +4 ring of evasion (right hand)
 j - an amulet of magic regeneration (around neck)
Wands
 m - a wand of digging (4)
 n - a wand of paralysis (4)
Scrolls
 f - 2 scrolls of identify
Potions
 d - a potion of haste {unknown}
 i - 5 potions of degeneration
 o - a potion of invisibility {unknown}


   Skills:
 + Level 6.7 Fighting
 + Level 10.3 Axes
 + Level 6.1 Armour
 + Level 3.3 Dodging
 + Level 2.6 Stealth
 + Level 4.4 Shields
 + Level 0.9 Evocations


You had 8 spell levels left.
You didn't know any spells.
Your spell library was empty.

Dungeon Overview and Level Annotations

Branches:
Dungeon (6/15)             Temple (0/1) D:4

Altars:
Gozag
Makhleb
Ru
Uskayaw


Message History

You hit the yak.
The yak is lightly wounded.
You hit the yak. You closely miss the yak. You block the yak's attack.
The yak gores you but does no damage. x2
Unknown command.
You hit the yak.
The yak is lightly wounded.
You closely miss the yak. You hit the yak but do no damage. The yak gores you.
The yak misses you. The yak barely misses you.
Unknown command.
You slash the yak!
The yak is heavily wounded.
You slash the yak! You hit the yak.
The yak gores you but does no damage. x2
The yak misses you.
Unknown command.
You slash the yak!
The yak is heavily wounded.
You hit the yak but do no damage. You hit the yak. The yak gores you! x2
The yak gores you.
Unknown command.
You hit the yak but do no damage.
The yak is heavily wounded.
You slash the yak! You barely miss the yak. The yak closely misses you.
The yak gores you! x2
You barely miss the yak.
The yak is heavily wounded.
You hit the yak but do no damage. You completely miss the yak.
The yak gores you. The yak barely misses you. The yak gores you.
* * * LOW HITPOINT WARNING * * *
Unknown command.
You slash the yak!
The yak is severely wounded.
You hit the yak but do no damage. x2; The yak gores you!
* * * LOW HITPOINT WARNING * * *
The yak closely misses you. x2
Unknown command.
You hit the yak.
The yak is almost dead.
You hit the yak. You hit the yak but do no damage. The yak gores you!
You die...

....... .......##
........#
........###
......#.. .#
...Y..##.##
#YY#..... #
#@#.#.#..
#..###.Y......
#.....#.#.### .# #.
......#...#.# ..##.
#####.##..#.# ...#
.......†.#.### #..
#####........# #.
#..###.#.##########
#..# #.............


You could see 4 yaks.

Vanquished Creatures
  A yak (D:6)
  Menkaure (D:4)
  A black bear (D:6)
  4 ice beasts
  An orc warrior (D:4)
  2 ogres
  A centaur (D:6)
  2 bullfrogs (D:5)
  A scorpion (D:5)
  2 water moccasin zombies (D:5)
  A howler monkey (D:5)
  A bullfrog zombie (D:5)
  4 hounds
  A jelly (D:5)
  6 iguanas
  Natasha (D:2)
  2 orc wizards (D:5)
  A killer bee zombie (D:5)
  A hound zombie (D:5)
  A howler monkey zombie (D:5)
  Robin (D:3)
  3 adders (D:2)
  5 gnolls
  2 shadow imps (D:5)
  A white imp (D:3)
  A worm (D:2)
  13 orcs
  5 ball pythons
  10 bats
  10 endoplasms
  5 giant cockroaches
  12 goblins
  4 hobgoblins
  4 jackals (D:2)
  6 kobolds
  2 quokkas
  3 frilled lizards
  A giant cockroach zombie (D:3)
  5 rats
128 creatures vanquished.

Notes
Turn   | Place    | Note
-------+----------+-------------------------------------------
     0 | D:1      | parzival7114810 the Hill Orc Fighter began the quest for
                  | the Orb.
     0 | D:1      | Reached XP level 1. HP: 19/19 MP: 1/1
   341 | D:1      | Reached XP level 2. HP: 20/27 MP: 2/2
   754 | D:1      | Reached skill level 3 in Axes
  1537 | D:2      | Reached XP level 3. HP: 24/33 MP: 3/3
  2056 | D:1      | Reached skill level 1 in Dodging
  2056 | D:1      | Reached XP level 4. HP: 18/40 MP: 4/4
  2356 | D:2      | Reached skill level 4 in Axes
  3471 | D:2      | Found a faded altar of an unknown god.
  3491 | D:2      | Noticed Natasha
  3499 | D:2      | Killed Natasha
  3500 | D:2      | Reached XP level 5. HP: 37/46 MP: 5/5
  4133 | D:3      | Noticed Robin
  4148 | D:3      | Killed Robin
  4433 | D:3      | Found a hide-covered altar of Uskayaw.
  4433 | D:3      | Noticed a +0 spear
  4433 | D:3      | Noticed a +0 short sword
  4433 | D:3      | Noticed a +0 short sword
  4433 | D:3      | Noticed a +0 dagger
  4434 | D:3      | Noticed a +0 falchion
  4434 | D:3      | Noticed a +0 dagger
  4435 | D:3      | Noticed a +0 falchion
  4435 | D:3      | Noticed a +0 spear
  4489 | D:3      | Reached skill level 5 in Axes
  4733 | D:3      | Found an opulent altar of Gozag.
  6060 | D:4      | Noticed an ogre
  6074 | D:4      | Killed an ogre
  6075 | D:4      | Reached XP level 6. HP: 53/53 MP: 6/6
  6155 | D:4      | Found a staircase to the Ecumenical Temple.
  6192 | D:4      | Found a sacrificial altar of Ru.
  6370 | D:4      | Identified a scroll of acquirement
  6370 | D:4      | Acquired 1246 gold pieces
  6376 | D:4      | Reached skill level 6 in Axes
  6541 | D:4      | Found a burning altar of Makhleb.
  6542 | D:4      | Noticed Menkaure
  6552 | D:4      | Killed Menkaure
  6553 | D:4      | Reached skill level 1 in Stealth
  6553 | D:4      | Reached XP level 7. HP: 60/60 MP: 7/7
  6715 | D:5      | Entered Level 5 of the Dungeon
  7692 | D:5      | Reached skill level 5 in Fighting
  7692 | D:5      | Reached skill level 7 in Axes
  7753 | D:5      | Reached XP level 8. HP: 47/70 MP: 8/8
  8124 | D:5      | Reached skill level 5 in Armour
  8145 | D:5      | Reached skill level 8 in Axes
  8484 | D:5      | Reached skill level 9 in Axes
  9634 | D:6      | Reached XP level 9. HP: 78/78 MP: 9/9
  9969 | D:6      | Became a worshipper of Beogh the Brigand
 10014 | D:6      | Reached skill level 10 in Axes
 10082 | D:6      | Slain by a yak

Illustrated notes

Levels and vault maps discovered:
D:1:      dpeg_arrival_pond, layout_basic
D:2:      layout_basic, chequers_ecumenical_altar_twisty, minmay_box_of_dots,
          uniq_natasha
D:3:      layout_basic, nicolae_gozag_cash_rules_everything_around_me,
          nicolae_uskayaw_en_pointe, minmay_fractal_squares_5, uniq_robin
D:4:      layout_basic, mainiacjoe_overflow_concentric_impassable,
          mainiacjoe_overflow_tiny_flanked, minmay_temple_entry_stoned_glass,
          uniq_menkaure
D:5:      minmay_polygon_palace, layout_basic
D:6:      layout_rooms

Skill      XL: |  1  2  3  4  5  6  7  8  9 |
---------------+----------------------------+-----
Axes           | 3 4 5 6 7 9 10 | 10.3
Fighting       | 4 5 6 |  6.7
Dodging        | 1 2 3 |  3.3
Armour         | 4 6 |  6.1
Stealth        | 1 2 |  2.6
Shields        | 4 |  4.4
Evocations     | |  0.9

Action                   |  1- 3 |  4- 6 |  7- 9 || total
-------------------------+-------+-------+-------++-------
Melee: War axe           |    64 |   165 |   212 ||   441
Invok: Convert to Beogh  |       |       |     1 ||     1
Evoke: Wand              |       |     5 |     4 ||     9
  Use: Scroll            |       |    14 |     1 ||    15
       Potion            |       |     1 |     2 ||     3
 Stab: Paralysed         |       |     7 |     4 ||    11
Armor: Scale mail        |    27 |       |       ||    27
       Ring mail         |    40 |    91 |   102 ||   233
Dodge: Dodged            |    68 |    89 |   166 ||   323
Block: Buckler           |    26 |    48 |    51 ||   125

Table legend: (Time is in decaauts)
 A = Elapsed time spent in this place.
 B = Non-inter-level travel time spent in this place.
 C = Inter-level travel time spent in this place.
 D = Time resting spent in this place.
 E = Time spent auto-exploring this place.
 F = Levels seen in this place.
 G = Mean time per level.
                   A        B        C        D        E       F      G
               +--------+--------+--------+--------+--------+-----+--------+
         Total |  10212 |   9825 |    387 |   5237 |   2960 |   6 | 1702.0 |
       Dungeon |  10212 |   9825 |    387 |   5237 |   2960 |   6 | 1702.0 |
               +--------+--------+--------+--------+--------+-----+--------+

Top non-repeatable levels by time:
     D:1: 2287 daAuts
     D:5: 2124 daAuts
     D:2: 1913 daAuts
     D:3: 1774 daAuts
     D:4: 1654 daAuts
     D:6: 458 daAuts
